 Dungeon Crawl Stone Soup version 0.26-a0-665-gefeb406119 (webtiles) character file.

Game seed: 10694630656912601117

70 Aggronaut the Cudgeler (level 4, -2/28 HPs)
             Began as a Gargoyle Monk on Oct 14, 2020.
             Killed from afar by Sigmund (6 damage)
             ... with a puff of flame
             ... on level 2 of the Dungeon.
             The game lasted 00:03:13 (1754 turns).

Aggronaut the Cudgeler (Gargoyle Monk)              Turns: 1754, Time: 00:03:14

Health: -2/28      AC:  8    Str: 13    XL:     4   Next: 22%
Magic:  4/4        EV: 11    Int: 11    God:
Gold:   91         SH:  0    Dex: 18    Spells: 3/3 levels left

rFire    . . .     SeeInvis .   a - +0 mace
rCold    . . .     Faith    .   (no shield)
rNeg     + . .     Spirit   .   l - +0 ring mail (curse)
rPois    ∞         Reflect  .   (no helmet)
rElec    +         Harm     .   (no cloak)
rCorr    .         Rampage  .   (no gloves)
MR       +....                  (no boots)
Stlth    ++........             (no amulet)
HPRegen  0.09/turn              p - +6 ring of dexterity
MPRegen  0.09/turn              (no ring)

@: no status effects
A: magic resistance 1, negative energy resistance 1, electricity resistance,
weak 1, unbreathing, petrification resistance, rot immunity, AC +3
a: no special abilities


You were on level 2 of the Dungeon.
You visited 1 branch of the dungeon, and saw 2 of its levels.

You collected 91 gold pieces.

Inventory:

Hand Weapons
 a - a +0 mace (weapon)
Armour
 b - a +0 robe
 l - a cursed +0 ring mail (worn)
 n - a +0 chain mail of poison resistance
Jewellery
 p - a +6 ring of dexterity (left hand)
Scrolls
 c - 2 scrolls of enchant armour {unknown}
 d - a scroll of remove curse {unknown}
 f - a scroll of fog {unknown}
 g - a scroll of blinking {unknown}
 h - a scroll of enchant weapon {unknown}
 i - a scroll of magic mapping {unknown}
 j - a scroll of teleportation {unknown}
 k - a scroll of identify {unknown}
Potions
 e - a potion of mutation
 m - a potion of lignification {unknown}
 o - a potion of flight {unknown}


   Skills:
 - Level 3.2 Fighting
 + Level 4.9 Maces & Flails
 - Level 2.4 Dodging
 - Level 2.1 Stealth


You had 3 spell levels left.
You didn't know any spells.
Your spell library was empty.

Dungeon Overview and Level Annotations

Branches:
Dungeon (2/15)

Altars:

Annotations:
D:2 Sigmund


Innate Abilities, Weirdness & Mutations

You are resistant to torment.
Your stone body is resilient. (AC +3)
You are immune to poison.
You resist negative energy. (rN+)
You are resistant to electric shocks. (rElec)
You can survive without breathing.
You are immune to petrification.
You are immune to rotting.
You are resistant to hostile enchantments. (MR+)
You are weak. (Str -2)


Message History

You barely miss Sigmund.
Sigmund is moderately wounded.
Sigmund hits you with a +0 scythe.
You hit Sigmund.
Sigmund is heavily wounded.
Sigmund barely misses you.
You closely miss Sigmund.
Sigmund is heavily wounded.
You hit Sigmund.
Sigmund is heavily wounded.
Sigmund hits you with a +0 scythe.
* * * LOW HITPOINT WARNING * * *
You hit Sigmund.
Sigmund is severely wounded.
Sigmund barely misses you.
You hit Sigmund but do no damage.
Sigmund is severely wounded.
Sigmund points at you and mumbles some strange words.
The puff of flame hits you.
You die...

##..##..##...................#
##............#....#.#.####.....
..##.....#####.#......#.## ... #.
###...# ....... #..# ..
..##...#########....# ##.#####...
.##.....<.....##....####...(.....
#..........>.##....#............
#..#.......<..........########...
..............#.@###### #
.###########.....@...# #
#.#######..# # # ..


You could see Sigmund.

Vanquished Creatures
  4 adders (D:2)
  An ooze (D:2)
  A leopard gecko (D:2)
  4 giant cockroaches
  5 goblins
  2 hobgoblins
  4 kobolds
  4 bats (D:1)
  A frilled lizard (D:2)
  5 rats
31 creatures vanquished.

Notes
Turn   | Place    | Note
-------+----------+-------------------------------------------
     0 | D:1      | Aggronaut the Gargoyle Monk began the quest for the Orb.
     0 | D:1      | Reached XP level 1. HP: 14/14 MP: 1/1
     4 | D:1      | Noticed a death yak
     7 | D:1      | Noticed a six-headed hydra
   214 | D:1      | Reached XP level 2. HP: 11/19 MP: 2/2
  1316 | D:2      | Reached skill level 4 in Maces & Flails
  1316 | D:2      | Reached XP level 3. HP: 13/23 MP: 3/3
  1623 | D:2      | Reached XP level 4. HP: 28/28 MP: 4/4
  1738 | D:2      | Noticed Sigmund
  1739 | D:2      | Gained mutation: You are weak. (Str -2) [potion of
                  | mutation]
  1739 | D:2      | Gained mutation: You are resistant to hostile enchantments.
                  | (MR+) [potion of mutation]
  1754 | D:2      | Killed from afar by Sigmund

Illustrated notes

Levels and vault maps discovered:
D:1:      sevenhm_arrival_forest_fort_small_2, layout_basic
D:2:      layout_rooms, tso_metal_star, uniq_sigmund

Skill      XL: |  1  2 |
---------------+-------+-----
Maces & Flails | 4 |  4.9
Fighting       | |  3.2
Dodging        | |  2.4
Stealth        | |  2.1

Action                   |  1- 3 |  4- 6 || total
-------------------------+-------+-------++-------
Melee: Mace              |   103 |    28 ||   131
  Use: Potion            |       |     1 ||     1
 Stab: Sleeping          |     5 |       ||     5
Armor: Robe              |    25 |       ||    25
       Ring mail         |    19 |    12 ||    31
Dodge: Dodged            |    71 |    15 ||    86

Table legend: (Time is in decaauts)
 A = Elapsed time spent in this place.
 B = Non-inter-level travel time spent in this place.
 C = Inter-level travel time spent in this place.
 D = Time resting spent in this place.
 E = Time spent auto-exploring this place.
 F = Levels seen in this place.
 G = Mean time per level.
                   A        B        C        D        E       F      G
               +--------+--------+--------+--------+--------+-----+--------+
         Total |   1778 |   1724 |     54 |    541 |    759 |   2 |  889.0 |
       Dungeon |   1778 |   1724 |     54 |    541 |    759 |   2 |  889.0 |
               +--------+--------+--------+--------+--------+-----+--------+

Top non-repeatable levels by time:
     D:1: 1299 daAuts
     D:2: 479 daAuts
